DTBL
WASHINGTON MOONSHINERS @ NEW YORK THUNDER CHOPPERS
08/05/2020
 
TOP OF THE 1ST
Washington Moonshiners batting - Pitching for New York Thunder Choppers : LHP Chris Sale
Pitching: LHP Chris Sale
Batting: RHB Nick Senzel 0-0: Called Strike
0-1: Called Strike
0-2: Strikes out swinging
Batting: LHB Shohei Ohtani 0-0: Ball
1-0: Called Strike
1-1: Called Strike
1-2: Strikes out swinging
Batting: RHB Vladimir Guerrero Jr. 0-0: Called Strike
0-1: Ball
1-1: Fly out, F9 (Flyball, 89S, EV 93.1 MPH)
Top of the 1st over - 0 runs, 0 hits, 0 errors, 0 left on base; Washington 0 - New York 0
BOTTOM OF THE 1ST
New York Thunder Choppers batting - Pitching for Washington Moonshiners : RHP Charlie Morton
Pitching: RHP Charlie Morton
Batting: RHB Harrison Bader 0-0: Bunt for hit to 5S - play at first, batter safe!
Batting: RHB DJ LeMahieu 0-0: Fly out, F8 (Flyball, 78D, EV 82.5 MPH)
Batting: LHB Anthony Rizzo 0-0: Ball
1-0: Ball
2-0: Ball
3-0: SINGLE (Line Drive, 56, EV 98.8 MPH)
Harrison Bader to second
Batting: LHB Kyle Schwarber 0-0: Called Strike
0-1: Foul Ball, location: 2F
0-2: Ball
1-2: Ball
2-2: Foul Ball, location: 2F
2-2: Fly out, F9 (Line Drive, 9, EV 92.5 MPH)
Batting: RHB Franmil Reyes 0-0: Called Strike
0-1: Ball
1-1: Ball
2-1: Called Strike
2-2: Strikes out swinging, 2-3 out at first.
Bottom of the 1st over - 0 runs, 2 hits, 0 errors, 2 left on base; Washington 0 - New York 0
TOP OF THE 2ND
Washington Moonshiners batting - Pitching for New York Thunder Choppers : LHP Chris Sale
Batting: LHB Michael Conforto 0-0: Ball
1-0: Ball
2-0: Called Strike
2-1: Foul Ball, location: 2F
2-2: Foul Ball, location: 2F
2-2: Strikes out swinging
Batting: LHB Max Muncy 0-0: Called Strike
0-1: Ball
1-1: Called Strike
1-2: Ball
2-2: Strikes out swinging
Batting: RHB Miguel Sano 0-0: Called Strike
0-1: Ball
1-1: Ball
2-1: Foul Ball, location: 2F
2-2: Foul Ball, location: 2F
2-2: SOLO HOME RUN (Flyball, 8RXD, EV 97.5 MPH), Distance : 460 ft
Batting: SHB Bryan Reynolds 0-0: Ball
1-0: Ball
2-0: Foul Ball, location: 2F
2-1: Ball
3-1: DOUBLE (Flyball, 7LD, EV 101.3 MPH)
Batting: RHB Paul DeJong 0-0: Fly out, F9 (Flyball, 9S, EV 90.6 MPH)
Top of the 2nd over - 1 run, 2 hits, 0 errors, 1 left on base; Washington 1 - New York 0
BOTTOM OF THE 2ND
New York Thunder Choppers batting - Pitching for Washington Moonshiners : RHP Charlie Morton
Batting: RHB Brian Anderson 0-0: Ball
1-0: Ball
2-0: Ball
3-0: Base on Balls
Batting: RHB Willy Adames 0-0: SINGLE (Line Drive, 9S, EV 103.8 MPH)
Brian Anderson to second
Batting: RHB Jean Segura 0-0: Ball
1-0: Ball
2-0: Ball
3-0: Base on Balls
Brian Anderson to third
Willy Adames to second
Batting: RHB Wilson Ramos 0-0: Called Strike
0-1: Ball
1-1: Ball
2-1: Ball
3-1: Foul Ball, location: 2F
3-2: Foul Ball, location: 2F
3-2: Base on Balls
Brian Anderson scores
Willy Adames to third
Jean Segura to second
Batting: RHB Harrison Bader 0-0: Called Strike
0-1: Fly out, F8 (Flyball, 89D, EV 81.3 MPH)
Runner from 3rd tags up, SCORES, throw by CF
Jean Segura to third
Batting: RHB DJ LeMahieu 0-0: Called Strike
0-1: Called Strike
0-2: Grounds into double play, 6-4-3 (Groundball, 6, EV 81.9 MPH)
Bottom of the 2nd over - 2 runs, 1 hit, 0 errors, 1 left on base; Washington 1 - New York 2
TOP OF THE 3RD
Washington Moonshiners batting - Pitching for New York Thunder Choppers : LHP Chris Sale
Batting: RHB Christian Vazquez 0-0: Ball
1-0: Foul Ball, location: 2F
1-1: Swinging Strike
1-2: Strikes out swinging
Batting: RHB Nick Senzel 0-0: Ball
1-0: Ground out 6-3 (Groundball, 6, EV 89.4 MPH)
Batting: LHB Shohei Ohtani 0-0: Ball
1-0: Called Strike
1-1: Ball
2-1: Fly out, F8 (Line Drive, 8RM, EV 102.5 MPH)
Top of the 3rd over - 0 runs, 0 hits, 0 errors, 0 left on base; Washington 1 - New York 2
BOTTOM OF THE 3RD
New York Thunder Choppers batting - Pitching for Washington Moonshiners : RHP Charlie Morton
Batting: LHB Anthony Rizzo 0-0: Called Strike
0-1: Ground out 4-3 (Groundball, 34, EV 88.8 MPH)
Batting: LHB Kyle Schwarber 0-0: Ball
1-0: Ball
2-0: Ball
3-0: Called Strike
3-1: Base on Balls
Batting: RHB Franmil Reyes 0-0: Called Strike
0-1: Called Strike
0-2: Fly out, F7 (Flyball, 78M, EV 88.1 MPH)
Batting: RHB Brian Anderson 0-0: Ball
1-0: Ball
2-0: Ball
3-0: Called Strike
3-1: Foul Ball, location: 2F
3-2: Strikes out swinging
Bottom of the 3rd over - 0 runs, 0 hits, 0 errors, 1 left on base; Washington 1 - New York 2
TOP OF THE 4TH
Washington Moonshiners batting - Pitching for New York Thunder Choppers : LHP Chris Sale
Batting: RHB Vladimir Guerrero Jr. 0-0: Ball
1-0: Called Strike
1-1: Ball
2-1: Ball
3-1: SOLO HOME RUN (Flyball, 9LD, EV 113.1 MPH), Distance : 381 ft
Batting: LHB Michael Conforto 0-0: Called Strike
0-1: Ball
1-1: Swinging Strike
1-2: Strikes out swinging
Batting: LHB Max Muncy 0-0: Called Strike
0-1: Called Strike
0-2: Ball
1-2: Ball
2-2: Fly out, F8 (Flyball, 8RS, EV 91.9 MPH)
Batting: RHB Miguel Sano 0-0: Called Strike
0-1: Foul Ball, location: 2F
0-2: Strikes out swinging
Top of the 4th over - 1 run, 1 hit, 0 errors, 0 left on base; Washington 2 - New York 2
BOTTOM OF THE 4TH
New York Thunder Choppers batting - Pitching for Washington Moonshiners : RHP Charlie Morton
Batting: RHB Willy Adames 0-0: Ball
1-0: Swinging Strike
1-1: Ground out 3-1 (Groundball, 13, EV 87.5 MPH)
Batting: RHB Jean Segura 0-0: Called Strike
0-1: SINGLE (Groundball, 6MD, EV 97.5 MPH)
Batting: RHB Wilson Ramos 0-0: Called Strike
0-1: Grounds into double play, 6-4-3 (Groundball, 6, EV 96.9 MPH)
Bottom of the 4th over - 0 runs, 1 hit, 0 errors, 0 left on base; Washington 2 - New York 2
TOP OF THE 5TH
Washington Moonshiners batting - Pitching for New York Thunder Choppers : LHP Chris Sale
Batting: SHB Bryan Reynolds 0-0: Called Strike
0-1: Ball
1-1: Ball
2-1: SINGLE (Groundball, 56D, EV 95.6 MPH)
Batting: RHB Paul DeJong 0-0: Called Strike
0-1: Called Strike
0-2: Ball
1-2: Strikes out swinging
Batting: RHB Christian Vazquez 0-0: Grounds into double play, 2-4-3 (Groundball, 2L, EV 75.0 MPH)
Top of the 5th over - 0 runs, 1 hit, 0 errors, 0 left on base; Washington 2 - New York 2
BOTTOM OF THE 5TH
New York Thunder Choppers batting - Pitching for Washington Moonshiners : RHP Charlie Morton
Batting: RHB Harrison Bader 0-0: Called Strike
0-1: Ground out 5-3 (Groundball, 56, EV 89.4 MPH)
Batting: RHB DJ LeMahieu 0-0: Ball
1-0: DOUBLE (Line Drive, 9LM, EV 97.5 MPH)
Batting: LHB Anthony Rizzo 0-0: Foul Ball, location: 2F
0-1: Ball
1-1: Called Strike
1-2: Ball
2-2: Foul Ball, location: 2F
2-2: Foul Ball, location: 2F
2-2: Strikes out swinging
Batting: LHB Kyle Schwarber 0-0: Ball
1-0: Ball
Wild Pitch!
DJ LeMahieu to third
2-0: Called Strike
2-1: Ball
3-1: SINGLE (Flyball, 7S, EV 93.1 MPH)
DJ LeMahieu scores
Batting: RHB Franmil Reyes 0-0: Ball
1-0: Ball
2-0: Swinging Strike
2-1: Foul Ball, location: 2F
2-2: Ball
3-2: Foul Ball, location: 2F
3-2: DOUBLE (Groundball, 3D, EV 105.6 MPH)
Kyle Schwarber to third
Kyle Schwarber scores
Batting: RHB Brian Anderson 0-0: Ball
1-0: Ball
2-0: Called Strike
2-1: Fly out, F7 (Line Drive, 7S, EV 110.6 MPH)
Bottom of the 5th over - 2 runs, 3 hits, 0 errors, 1 left on base; Washington 2 - New York 4
TOP OF THE 6TH
Washington Moonshiners batting - Pitching for New York Thunder Choppers : LHP Chris Sale
Batting: RHB Nick Senzel 0-0: Called Strike
0-1: Ball
1-1: Ball
2-1: Called Strike
2-2: Strikes out swinging
Batting: LHB Shohei Ohtani 0-0: Ground out 4-3 (Groundball, 4, EV 110.6 MPH)
Batting: RHB Vladimir Guerrero Jr. 0-0: Swinging Strike
0-1: Swinging Strike
0-2: Ball
1-2: Ball
2-2: Strikes out swinging
Top of the 6th over - 0 runs, 0 hits, 0 errors, 0 left on base; Washington 2 - New York 4
BOTTOM OF THE 6TH
New York Thunder Choppers batting - Pitching for Washington Moonshiners : RHP Charlie Morton
Batting: RHB Willy Adames 0-0: Swinging Strike
0-1: Ball
1-1: Foul Ball, location: 2F
1-2: Ball
2-2: Ball
3-2: Strikes out swinging
Batting: RHB Jean Segura 0-0: Ground out 4-3 (Groundball, 4MS, EV 83.8 MPH)
Batting: RHB Wilson Ramos 0-0: Ball
1-0: Ball
2-0: Called Strike
2-1: Ball
3-1: Foul Ball, location: 2F
3-2: Base on Balls
Pitching: LHP Andrew Miller
Batting: RHB Harrison Bader 0-0: Foul Ball, location: 2F
0-1: Fly out, F9 (Flyball, 89M, EV 93.1 MPH)
Bottom of the 6th over - 0 runs, 0 hits, 0 errors, 1 left on base; Washington 2 - New York 4
TOP OF THE 7TH
Washington Moonshiners batting - Pitching for New York Thunder Choppers : LHP Chris Sale
Batting: LHB Michael Conforto 0-0: Ball
1-0: Ball
2-0: Swinging Strike
2-1: Foul Ball, location: 2F
2-2: Strikes out looking
Batting: LHB Max Muncy 0-0: Ball
1-0: Foul Ball, location: 2F
1-1: Ball
2-1: Foul Ball, location: 2F
2-2: Ball
3-2: Strikes out swinging
Batting: RHB Miguel Sano 0-0: Foul Ball, location: 2F
0-1: Ball
1-1: Foul Ball, location: 2F
1-2: Strikes out swinging
Top of the 7th over - 0 runs, 0 hits, 0 errors, 0 left on base; Washington 2 - New York 4
BOTTOM OF THE 7TH
New York Thunder Choppers batting - Pitching for Washington Moonshiners : LHP Andrew Miller
Batting: RHB DJ LeMahieu 0-0: Swinging Strike
0-1: DOUBLE (Line Drive, 89D, EV 104.4 MPH)
Batting: LHB Anthony Rizzo 0-0: Ball
1-0: Called Strike
1-1: Ground out 1-3 (Groundball, P, EV 70.0 MPH)
DJ LeMahieu to third
Batting: LHB Kyle Schwarber 0-0: Ball
1-0: Foul Ball, location: 2F
1-1: Ball
2-1: Ball
3-1: Base on Balls
Pitching: RHP Ian Kennedy
Batting: RHB Franmil Reyes 0-0: Ball
1-0: Foul Ball, location: 2F
1-1: Swinging Strike
1-2: Ball
2-2: Ball
3-2: Foul Ball, location: 2F
3-2: Foul Ball, location: 2F
3-2: Base on Balls
Kyle Schwarber to second
Batting: RHB Brian Anderson 0-0: Ball
1-0: Fly out, F4 (Popup, 13S, EV 78.1 MPH)
Batting: RHB Willy Adames 0-0: Foul Ball, location: 2F
0-1: Ball
1-1: SINGLE (Groundball, 34D, EV 99.4 MPH)
DJ LeMahieu scores
Kyle Schwarber to third
Franmil Reyes to second
Runner from 3rd tries for Home, SAFE, throw by RF to home
Batting: RHB Jean Segura 0-0: Called Strike
0-1: Ball
1-1: Fly out, F9 (Line Drive, 9, EV 96.9 MPH)
Bottom of the 7th over - 2 runs, 2 hits, 0 errors, 2 left on base; Washington 2 - New York 6
TOP OF THE 8TH
Washington Moonshiners batting - Pitching for New York Thunder Choppers : LHP Chris Sale
Batting: SHB Bryan Reynolds 0-0: Called Strike
0-1: Foul Ball, location: 2F
0-2: Strikes out swinging
Pitching: RHP Craig Kimbrel
Batting: RHB Paul DeJong 0-0: Swinging Strike
0-1: Foul Ball, location: 2F
0-2: SINGLE (Line Drive, 9LS, EV 112.5 MPH)
Batting: RHB Christian Vazquez 0-0: Ball
1-0: Ball
2-0: Called Strike
2-1: Ball
3-1: Base on Balls
Paul DeJong to second
Batting: RHB Nick Senzel 0-0: Called Strike
0-1: Ball
1-1: Called Strike
1-2: Strikes out looking
Batting: LHB Shohei Ohtani 0-0: Ball
1-0: Called Strike
1-1: Called Strike
1-2: Ball
2-2: Strikes out swinging
Top of the 8th over - 0 runs, 1 hit, 0 errors, 2 left on base; Washington 2 - New York 6
BOTTOM OF THE 8TH
New York Thunder Choppers batting - Pitching for Washington Moonshiners : RHP Ian Kennedy
Batting: RHB Wilson Ramos 0-0: SINGLE (Line Drive, 56D, EV 100.0 MPH)
Pitching: LHP Brendan McKay
Batting: RHB Harrison Bader 0-0: Called Strike
0-1: Ball
1-1: Fly out, F9 (Line Drive, 9D, EV 105.0 MPH)
Batting: RHB DJ LeMahieu 0-0: Foul Ball, location: 2F
0-1: Foul Ball, location: 2F
0-2: Ball
1-2: SINGLE (Groundball, 6MD, EV 109.4 MPH)
Wilson Ramos to second
Runner from 2nd tries for 3rd, SAFE, no throw by CF
Batting: LHB Anthony Rizzo 0-0: Called Strike
0-1: Ball
1-1: Foul Ball, location: 2F
1-2: Ball
2-2: Fly out, F9 (Flyball, 89S, EV 81.3 MPH)
Batting: LHB Kyle Schwarber 0-0: Called Strike
0-1: Ball
1-1: Ball
2-1: Ball
3-1: Foul Ball, location: 2F
3-2: Ground out U3 (Groundball, 3, EV 103.1 MPH)
Bottom of the 8th over - 0 runs, 2 hits, 0 errors, 2 left on base; Washington 2 - New York 6
TOP OF THE 9TH
Washington Moonshiners batting - Pitching for New York Thunder Choppers : RHP Craig Kimbrel
Pitching: RHP Ken Giles
Batting: RHB Vladimir Guerrero Jr. 0-0: Called Strike
0-1: Foul Ball, location: 2F
0-2: Ball
1-2: Fly out, F8 (Flyball, 8RM, EV 94.4 MPH)
Batting: LHB Michael Conforto 0-0: Ball
1-0: Called Strike
1-1: Called Strike
1-2: Ball
2-2: Foul Ball, location: 2F
2-2: Ball
3-2: Base on Balls
Batting: LHB Max Muncy 0-0: Ball
1-0: Ball
2-0: Foul Ball, location: 2F
2-1: Foul Ball, location: 2F
2-2: Strikes out swinging
Batting: RHB Miguel Sano 0-0: Swinging Strike
0-1: Ball
1-1: Foul Ball, location: 2F
1-2: Ball
2-2: Ball
3-2: Strikes out looking
Top of the 9th over - 0 runs, 0 hits, 0 errors, 1 left on base; Washington 2 - New York 6
Friday, May 29th, 2020 - OOTP Baseball 21.3 Build 54